cohdb
Replays
Latest Replays
All Replays
Popular Replays
Top Player Replays
Match Explorer
How It Works
Community
CoH3 Stats
Reddit
Sign in to upload your games and track your stats! →
Sign in with Steam
Match 41272039
Unlisted
Match 41272039
Overview
Messages
Build Orders
End
Construct Section Command Post
Selects Indian Artillery Battlegroup
Dingo Light Scout Car
Vickers Machine Gun Team
Infantry Section
Construct Platoon Command Post
CMP 15cwt Truck
6-pounder Anti-tank Gun Team
Selects Valour
Selects Gurkha Rifles Section
RicardoZ
七彩斑斓的牛头人战士
快乐人民
无123
Valdai
只想养群猪
jabiseu62
JMayhem
0
0
Comments
sign in to comment!
No comments posted yet!